 Dungeon Crawl Stone Soup version 0.20-a0-850-ge5a7832 (webtiles) character file.

586 theRoog the Chopper (level 7, -8/61 HPs)
             Began as a Minotaur Berserker on Mar 9, 2017.
             Was a Priest of Trog.
             Mangled by dogface's ghost (12 damage)
             ... on level 5 of the Dungeon.
             The game lasted 00:06:53 (3413 turns).

theRoog the Chopper (Minotaur Berserker)            Turns: 3413, Time: 00:06:53

Health: -8/61      AC: 10    Str: 24    XL:     7   Next: 15%
Magic:  6/6        EV:  9    Int:  4    God:    Trog [***...]
Gold:   312        SH:  0    Dex:  9    Spells: 6/6 levels left

rFire    x . .     SeeInvis .   w - -1 hand axe (curse)
rCold    + . .     Gourm    .   c - +1 chain mail
rNeg     . . .     Faith    .   (no shield)
rPois    .         Spirit   .   (helmet restricted)
rElec    .         Reflect  .   (no cloak)
rCorr    .         Harm     .   (no gloves)
MR       .....                  (no boots)
Stlth    ..........             v - amulet of rage
Regen    0.2/turn               (no ring)
MPRegen  0.1/turn               u - ring of ice

@: no status effects
A: retaliatory headbutt, horns 2
a: Berserk, Trog's Hand, Burn Spellbooks, Renounce Religion, Evoke Berserk Rage


You were on level 5 of the Dungeon.
You worshipped Trog.
Trog was most pleased with you.
You were not hungry.

You visited 1 branch of the dungeon, and saw 5 of its levels.

You collected 312 gold pieces.

Inventory:

Hand Weapons
 a - a +1 hand axe
 w - a cursed -1 hand axe (weapon)
Armour
 b - a +0 animal skin
 c - a +1 chain mail (worn)
 e - a +0 leather armour
 j - a +0 scale mail
Jewellery
 u - a ring of ice (left hand)
 v - an amulet of rage (around neck)
 x - the ring "Demit" {Str-4 Dex+5 Stlth-}
   (You found it on level 4 of the Dungeon)

   [ring of loudness]

   It affects your strength (-4).
   It affects your dexterity (+5).
   It makes you less stealthy.
Wands
 y - a wand of flame (35/48)
 A - a wand of flame (24/48)
 C - a wand of confusion (36/48)
Scrolls
 d - 3 scrolls of teleportation
 g - a scroll of enchant armour
 q - a scroll of fog
 r - 4 scrolls of immolation
 t - 2 scrolls of identify
 D - 2 scrolls of recharging {unknown}
 E - a scroll of remove curse {unknown}
Potions
 f - 2 potions of ambrosia {unknown}
 h - 2 potions of resistance
 k - 2 potions of agility {unknown}
 m - 2 potions of brilliance {unknown}
 n - a potion of lignification
 o - 2 potions of mutation {unknown}
 p - 3 potions of curing
 s - 3 potions of flight {unknown}
 B - a potion of heal wounds {unknown}
Comestibles
 i - 2 royal jellies
 z - 3 bread rations


   Skills:
 + Level 5.3 Fighting
 + Level 7.0 Axes
 + Level 5.3 Armour
 + Level 3.2 Dodging
 + Level 1.0 Stealth


You had 6 spell levels left.
You didn't know any spells.

Dungeon Overview and Level Annotations

Branches:
Dungeon (5/15)             Temple (0/1) D:4

Altars:
Okawaru

Annotations:
D:5 dogface's ghost, novice FoTm


Innate Abilities, Weirdness & Mutations

You reflexively headbutt those who attack you in melee.
You have a pair of horns on your head.


Message History

You are too injured to fight recklessly!
You are too injured to fight recklessly!
You are too injured to fight recklessly!
You barely miss dogface's ghost. You headbutt dogface's ghost.
Dogface's ghost is lightly damaged.
Dogface's ghost closely misses you.
You hit dogface's ghost but do no damage.
You headbutt dogface's ghost.
Dogface's ghost is moderately damaged.
Dogface's ghost hits you but does no damage.
You are electrocuted!
* * * LOW HITPOINT WARNING * * *
You hit dogface's ghost but do no damage.
Dogface's ghost is moderately damaged.
Dogface's ghost hits you but does no damage.
You closely miss dogface's ghost.
Dogface's ghost is moderately damaged.
Dogface's ghost hits you but does no damage.
You are electrocuted!
You die...

. .. .. #.###
...## #W.# #@# #
#.## #.###..#
#....#.# .#
#....#.#####'#
...............###
###..............+
##...##.####.###
#... #.## #.# ..


You could see dogface's ghost.

Vanquished Creatures
  The ghost of nebgrebaes the Shield-Bearer, an amateur GrFi (D:4)
  The ghost of Heathenbot the Ogre Mage, an amateur OgFE (D:3)
  A scorpion (D:5)
  2 hounds
  A centaur skeleton (D:4)
  An iguana (D:4)
  Natasha (thrice) (D:4)
  A gnoll (D:1)
  7 adders
  An ooze (D:3)
  A worm (D:3)
  2 dart slugs (D:1)
  2 leopard geckos
  2 orcs (D:3)
  5 giant cockroaches
  6 goblins
  7 hobgoblins
  4 jackals (D:4)
  4 kobolds
  A quokka (D:5)
  A ball python (D:5)
  7 bats
  5 frilled lizards
  7 rats
73 creatures vanquished.

Notes
Turn   | Place    | Note
-------+----------+-------------------------------------------
     0 | D:1      | theRoog the Minotaur Berserker began the quest for the Orb.
     0 | D:1      | Reached XP level 1. HP: 19/19 MP: 0/0
    93 | D:1      | Reached XP level 2. HP: 27/27 MP: 1/1
   120 | D:1      | Reached skill level 4 in Axes
   549 | D:1      | Reached XP level 3. HP: 33/33 MP: 2/2
   756 | D:2      | Reached ** piety under Trog
  1200 | D:3      | Noticed Heathenbot's ghost (amateur OgFE)
  1209 | D:3      | Reached XP level 4. HP: 16/41 MP: 3/3
  1209 | D:3      | Killed Heathenbot's ghost
  1209 | D:3      | Reached skill level 5 in Axes
  1209 | D:3      | Reached XP level 5. HP: 17/47 MP: 4/4
  1496 | D:3      | Reached skill level 5 in Fighting
  1737 | D:3      | Found an iron altar of Okawaru.
  1976 | D:4      | Noticed nebgrebaes's ghost (amateur GrFi)
  1977 | D:4      | Noticed Natasha
  1984 | D:4      | Reached skill level 6 in Axes
  1985 | D:4      | Killed Natasha
  1987 | D:4      | Killed nebgrebaes's ghost
  1987 | D:4      | Reached XP level 6. HP: 42/56 MP: 5/5
  2287 | D:4      | Got a serpentine turquoise ring
  2288 | D:4      | Identified the ring "Demit" {Str-4 Dex+5 Stlth-} (You found it on level 4 of the Dungeon)
  2381 | D:4      | Noticed Natasha
  2385 | D:4      | Killed Natasha
  2386 | D:4      | Noticed Natasha
  2398 | D:4      | Killed Natasha
  2398 | D:4      | Reached *** piety under Trog
  2492 | D:4      | Found a staircase to the Ecumenical Temple.
  2564 | D:4      | Reached skill level 5 in Armour
  3005 | D:5      | Entered Level 5 of the Dungeon
  3017 | D:5      | Reached XP level 7. HP: 52/61 MP: 6/6
  3378 | D:5      | Reached skill level 7 in Axes
  3378 | D:5      | Reached skill level 1 in Stealth
  3402 | D:5      | Noticed dogface's ghost (novice FoTm)
  3413 | D:5      | Mangled by dogface's ghost

Vault maps used:
D:1:      matt_arrival_grand_opening
D:2:      lemuel_upstairs_altar, minmay_stone_trees_small
D:3:      okawaru_trees_2
D:4:      nicolae_overflow_hidden_temple, minmay_temple_entry_poolview,
          first_bread, uniq_natasha
D:5:      vehumet_crystals, fountainhead, hangedman_minor_gate_pass

Skill      XL: |  1  2  3  4  5  6  7 |
---------------+----------------------+-----
Axes           | 4 5 6 7 |  7.0
Fighting       | 4 5 |  5.3
Armour         | 3 4 5 |  5.3
Dodging        | 3 |  3.2
Stealth        | 1 |  1.0

Action                   |  1- 3 |  4- 6 |  7- 9 || total
-------------------------+-------+-------+-------++-------
Melee: Hand axe          |    62 |    96 |    11 ||   169
       Headbutt          |    12 |    20 |     2 ||    34
Invok: Burn Spellbooks   |     1 |       |       ||     1
       Berserk           |       |     1 |       ||     1
  Use: Scroll            |     5 |     4 |       ||     9
  Eat: Bread ration      |       |     1 |       ||     1
       Meat ration       |       |     1 |       ||     1
       Royal jelly       |       |     1 |       ||     1
Armor: Leather armour    |     5 |       |       ||     5
       Animal skin       |     1 |       |       ||     1
       Scale mail        |    21 |     1 |       ||    22
       Chain mail        |       |    58 |     6 ||    64
Dodge: Dodged            |    43 |    47 |     4 ||    94
